 Dungeon Crawl Stone Soup version 0.30.1-3-gfc49f6343a (webtiles) character file.

Game seed: 11658680458207401663

286742 spardeous the Metallomancer (level 19, -9/208 HPs)
             Began as a Demigod Earth Elementalist on July 22, 2023.
             Killed from afar by a hell hog (25 damage)
             ... with a fireball
             ... on level 2 of the Depths.
             The game lasted 02:28:55 (37295 turns).

spardeous the Metallomancer (DgEE)                 Turns: 37295, Time: 02:28:56

Health: -9/208     AC: 33    Str: 30    XL:     19   Next: 10%
Magic:  7/38       EV: 12    Int: 36    God:
Gold:   3409       SH: 12    Dex:  5    Spells: 1/38 levels left

rFire   . . .        X - staff of death "Okiget" {rN+ Will+ Int+2}
rCold   + + .        Y - +3 kite shield {reflect}
rNeg    + + +        k - melded +0 steam dragon scales
rPois   ∞            K - +0 hat of the Evening {+Inv rN++}
rElec   +            O - +1 cloak
rCorr   .            R - melded +0 pair of gloves "Kada" {Will+ Slay+5}
SInv    .            J - melded +0 pair of boots
Will    ++...        F - amulet of magic regeneration
Stlth   +            V - ring of Qan Impo {rC+ Str+3 Int+3 Dex-2}
HPRegen 1.34/turn    l - ring of Sophism {rElec rC+ Str+6 Int+2 Dex-5}
MPRegen 0.66/turn

%: reflection
@: statue-form (expiring), very slow
A: slow and powerful, torment resistance 1, boosted hp, high MP 1, forlorn,
divine attributes, clumsy 1, regeneration 1, screaming 1
}: 2/15 runes: decaying, serpentine
a: End Transformation, Evoke Invisibility


You were on level 2 of the Depths.
You were a living statue of rough stone.
You visited 7 branches of the dungeon, and saw 33 of its levels.
You also visited: Gauntlet and Ice Cave.

You collected 5523 gold pieces.
You spent 2114 gold pieces at shops.

Inventory:

Hand Weapons
 B - the +9 hand axe of Traps {drain, Str+5 Int+3}
   (You found it on level 15 of the Dungeon)

   Str:       It affects your strength (+5).
   Int:       It affects your intelligence (+3).
 T - the +5 mace "Koezav" {drain, rElec Int-3 SInv}
   (You found it in an ice cave)

   Int:       It affects your intelligence (-3).
   rElec:     It insulates you from electricity.
   SInv:      It lets you see invisible.
Armour
 k - +0 steam dragon scales (melded)
 q - +0 storm dragon scales
 G - the +2 robe "Myly" {Fly rN+ Archmagi}
   (You found it on level 1 of the Depths)

   rN:        It protects you from negative energy.
   Fly:       It grants you flight.
   Archmagi:  It increases the power of your magical spells.
 J - a +0 pair of boots (melded)
 K - the +0 hat of the Evening (worn) {+Inv rN++}
   (You found it in an ice cave)

   rN:        It greatly protects you from negative energy.
   +Inv:      It lets you turn invisible.
 N - the +1 ring mail of Light {Dex+3 Slay+2}
   (You found it in an ice cave)

   Dex:       It affects your dexterity (+3).
   Slay:      It affects your accuracy & damage with ranged weapons and melee
   (+2).
 O - a +1 cloak (worn)
 R - the +0 pair of gloves "Kada" (melded) {Will+ Slay+5}
   (You bought it in a shop on level 2 of the Orcish Mines)

   Slay:      It affects your accuracy & damage with ranged weapons and melee
   (+5).
   Will:      It increases your willpower.
 Y - a +3 kite shield of reflection (worn)
Magical Staves
 t - the staff of earth "Ygiabac" {rC+}
   (You found it on level 3 of the Dungeon)

   [staff of earth]

   Base accuracy: +5 Base damage: 5 Base attack delay: 1.2 This weapon's minimum
   attack delay (0.6) is reached at skill level 12.
   rC:        It protects you from cold.
   It falls into the 'Staves' category.
   It is a one-handed weapon.
 X - the staff of death "Okiget" (weapon) {rN+ Will+ Int+2}
   (You found it on level 11 of the Dungeon)

   [staff of death]

   Base accuracy: +5 Base damage: 5 Base attack delay: 1.2 This weapon's minimum
   attack delay (0.6) is reached at skill level 12.
   Int:       It affects your intelligence (+2).
   rN:        It protects you from negative energy.
   Will:      It increases your willpower.
   It falls into the 'Staves' category.
   It is a one-handed weapon.
Jewellery
 l - the ring of Sophism (right fist) {rElec rC+ Str+6 Int+2 Dex-5}
   (You acquired it on level 3 of the Lair of Beasts)

   [ring of protection from cold]

   Str:       It affects your strength (+6).
   Int:       It affects your intelligence (+2).
   Dex:       It affects your dexterity (-5).
   rC:        It protects you from cold.
   rElec:     It insulates you from electricity.
 x - a ring of see invisible
 E - the ring "Niduxuk" {Dex+6 SInv}
   (You bought it in a shop on level 1 of the Depths)

   [ring of dexterity]

   Dex:       It affects your dexterity (+6).
   SInv:      It lets you see invisible.
 F - an amulet of magic regeneration (around neck)
 I - a ring of resist corrosion
 S - the ring "Buaj Rol" {Fly rC- AC+4 Str+4}
   (You found it in a Gauntlet)

   [ring of protection]

   AC:        It affects your AC (+4).
   Str:       It affects your strength (+4).
   rC:        It makes you vulnerable to cold.
   Fly:       It grants you flight.
 V - the ring of Qan Impo (left fist) {rC+ Str+3 Int+3 Dex-2}
   (You found it in a Gauntlet)

   [ring of protection from cold]

   Str:       It affects your strength (+3).
   Int:       It affects your intelligence (+3).
   Dex:       It affects your dexterity (-2).
   rC:        It protects you from cold.
Wands
 c - a wand of iceblast (38)
 y - a wand of flame (80)
 L - a wand of mindburst (28)
Scrolls
 h - 3 scrolls of brand weapon
 i - 9 scrolls of teleportation
 j - 3 scrolls of fear
 o - 3 scrolls of silence
 r - 4 scrolls of butterflies
 s - 9 scrolls of enchant weapon
 C - 3 scrolls of magic mapping
 M - 4 scrolls of enchant armour
 P - 6 scrolls of amnesia
 Q - 5 scrolls of poison
 W - 3 scrolls of vulnerability
 Z - a scroll of fog
Potions
 b - 7 potions of magic
 d - 4 potions of invisibility
 e - 2 potions of heal wounds
 f - 4 potions of berserk rage
 g - 3 potions of ambrosia
 m - 19 potions of curing
 n - 7 potions of might
 p - 4 potions of mutation
 v - 6 potions of brilliance
 w - 4 potions of haste
 z - 3 potions of resistance
 A - 7 potions of lignification
 D - 2 potions of cancellation
 H - 3 potions of flight
 U - 7 potions of attraction
Miscellaneous
 a - a lightning rod (4/4)
 u - a phantom mirror


   Skills:
 - Level 12.0 Fighting
 - Level 9.0 Armour
 - Level 7.1 Dodging
 - Level 1.7 Stealth
 - Level 10.1 Shields
 - Level 10.2 Spellcasting
 - Level 3.6 Conjurations
 - Level 10.9 Necromancy
 - Level 11.0 Transmutations
 + Level 21.4 Earth Magic


You had one spell level left.
You knew the following spells:

 Your Spells              Type           Power      Damage    Failure   Level
a - Sandblast             Erth           100%       2d20      0%          1
b - Stone Arrow           Conj/Erth      100%       3d13      1%          3
c - Borgnjor's Vile Clut  Necr/Erth      58%        N/A       1%          5
d - Petrify               Tmut/Erth      94%        N/A       1%          4
e - Animate Dead          Necr           98%        N/A       1%          4
f - Blade Hands           Tmut           39%        N/A       1%          5
g - Statue Form           Tmut/Erth      62%        N/A       1%          6
h - Shatter               Erth           53%        3d40*     47%         9

Your spell library contained the following spells:

 Spells                   Type           Power      Damage    Failure   Level
 Beastly Appendage        Tmut           100%       N/A       1%          1
 Kiss of Death            Conj/Necr      100%       2d13      1%          1
 Sting                    Tmut/Pois      100%       1d8       1%          1
 Summon Small Mammal      Summ           72%        N/A       3%          1
 Passwall                 Tmut/Erth      78%        N/A       0%          2
 Cigotuvi's Dreadful Rot  Necr/Pois/Air  100%       N/A       1%          2
 Wereblood                Tmut           78%        N/A       1%          2
 Spider Form              Tmut/Pois      55%        N/A       1%          3
 Animate Armour           Summ/Erth      100%       N/A       1%          4
 Dispel Undead            Necr           98%        3d31      1%          4
 Momentum Strike          Conj/Tloc      62%        3d9       2%          2
 Static Discharge         Conj/Air       62%        2-5/arc   2%          2
 Ignite Poison            Fire/Tmut/Pois 45%        N/A       2%          3
 Dazzling Flash           Conj/Hex       62%        N/A       4%          3
 Blink                    Tloc           36%        N/A       5%          2
 Ensorcelled Hibernation  Hex/Ice        36%        N/A       5%          2
 Lesser Beckoning         Tloc           36%        N/A       5%          2
 Poisonous Vapours        Pois/Air       36%        N/A       5%          2
 Death Channel            Necr           49%        N/A       6%          6
 Yara's Violent Unravell  Hex/Tmut       27%        3d12      10%         5
 Confusing Touch          Hex            18%        N/A       11%         3
 Gell's Gravitas          Tloc           18%        N/A       11%         3
 Inner Flame              Hex/Fire       18%        N/A       11%         3
 Portal Projectile        Hex/Tloc       36%        N/A       11%         3
 Teleport Other           Tloc           18%        N/A       11%         3
 Tukima's Dance           Hex            18%        N/A       11%         3
 Volatile Blastmotes      Fire/Tloc      36%        2d13      11%         3
 Flame Wave               Conj/Fire      31%        2d9       17%         4
 Iskenderun's Mystic Bla  Conj/Tloc      31%        2d8       17%         4
 Sticky Flame             Conj/Fire      31%        2d5       17%         4
 Airstrike                Air            9%         2d(2-18)  34%         4
 Olgreb's Toxic Radiance  Pois           18%        N/A       34%         4
 Passage of Golubria      Tloc           18%        N/A       34%         4
 Summon Ice Beast         Ice/Summ       18%        N/A       34%         4
 Summon Lightning Spire   Summ/Air       18%        N/A       34%         4
 Freezing Cloud           Conj/Ice/Air   13%        6-21      52%         5
 Metabolic Englaciation   Hex/Ice        9%         N/A       69%         5
 Summon Mana Viper        Hex/Summ       18%        N/A       69%         5
 Lehudib's Crystal Spear  Conj/Erth      41%        10d10     80%         8
 Starburst                Conj/Fire      15%        6d6       95%         6
 Storm Form               Tmut/Air       27%        N/A       97%         7
 Dispersal                Tloc           9%         N/A       99%         6
 Monstrous Menagerie      Summ           9%         N/A       100%        7
 Maxwell's Capacitive Co  Air            9%         ∞         100%        8
 Chain Lightning          Conj/Air       15%        3d20      100%        9
 Fire Storm               Conj/Fire      15%        8d4       100%        9
 Polar Vortex             Ice            9%         N/A       100%        9


Dungeon Overview and Level Annotations

Branches:
Dungeon (15/15)            Temple (1/1) D:7            Lair (5/5) D:10
  Swamp (4/4) Lair:3        Snake (4/4) Lair:2        Slime (0/5) Lair:4
    Orc (2/2) D:11            Elf (0/3) Orc:2        Vaults (0/5) D:13
 Depths (2/4) D:15          IceCv (visited)         Gauntlet (visited)

Shops:
D:2 =(=   D:6 [   D:12 (   Orc:2 *:*[   Snake:3 (!((   Depths:1 :=:

Portals:
Hell: Depths:1
Abyss: Depths:2
Pandemonium: Orc:2


Innate Abilities, Weirdness & Mutations

You are a living statue of rough stone.
Your actions are slow, but your melee attacks are powerful.
You are resistant to unholy torment.
Your maximum health is greatly increased.
You are immune to poison.
Your equipment is partially melded.
You have an increased reservoir of magic. (+10% MP)
You shall have no god before yourself.
Your divine heritage dramatically boosts your attributes as you level up.
You are clumsy. (Dex -2)
Your natural rate of healing is unusually fast.
You occasionally shout uncontrollably at your foes.


Message History

You regained 2 hp, and now have 60/208 hp.
Casting: Stone Arrow (safe; 1% risk of failure)
Confirm with . or Enter, or press ? or * to list all spells.
Aiming: Borgnjor's Vile Clutch (safe; 1% risk of failure)
Press: ? - help, Shift-Dir - straight line, f - golden dragon
Aim: a golden dragon (lightly wounded, catching its breath, 100% to hit)
You feel a surge of power!
Zombie hands grab the golden dragon.
Your transformation is almost over.
Your surroundings suddenly seem different.
The zombie hands lose their grip on something. 3 hell hogs, a balrug, 2 sun demons, a rakshasa, a fire giant and a fire dragon come into view.
The balrug is wielding a +2 demon whip of freezing.
The fire giant is wielding a +0 great sword of flaming.
Found a staff of death.
Found a glowing silver altar of Zin.
The hell hog squeals angrily.
The sun demon shouts!
The balrug shouts!
The fire giant shouts!
You hear a shout!
You block the rakshasa's attack. The fire giant casts a spell at you.
The fireball explodes!
The fireball engulfs you!!
* * * LOW HITPOINT WARNING * * *
A deep elf high priest comes into view. It is wielding a +0 short sword.
The rakshasa gestures at you. The lance of force hits you!!
* * * LOW HITPOINT WARNING * * *
You are knocked back by the lance of force.
A sun demon comes into view.
The hell hog moves out of view.
The fire dragon moves out of view.
The deep elf high priest moves out of view.
You hear a deafening roar!
You hear an angry squeal.
You hear a shout!
Found a long sword.
Found a one-way gate to the infinite horrors of the Abyss.
You take 46 damage, and have 14/208 hp.
MASSIVE DAMAGE!!
You now have 6/38 mp.
Okay, then.
Okay, then.
Okay, then.
As you read the scroll of fog, it crumbles to dust.
The scroll dissolves into smoke.
The hell hog breathes fire at you.
The fireball explodes!
The fireball engulfs you!!
You die...

#...... #'.........#
##.......''#......##..∩.|#
##........###...##.§)..§
....#####...._.
.......##..≈..e .
.......'...≈...≈..
......'§.§.≈..§≈..
......§§§§.≈h.§≈..
#8§..≈R..≈.. #§§..3.C.≈..
#§....h......
#..≈§.....Dh§
#..≈.2.§3≈...
.'..≈..≈≈≈≈§..
..'..≈..≈≈≈≈≈..
..#..≈..3§§§≈..


You could see a fire giant, a balrug, a rakshasa, 2 hell hogs and 3 sun demons.

Vanquished Creatures
  Bai Suzhen (Depths:1)
  Vashnia (Snake:3)
  A golden dragon (Depths:2)
  Jorgrun (Orc:1)
  A tentacled monstrosity (Depths:2)
  An Ice Fiend (IceCv)
  A quicksilver dragon (Depths:2)
  A titan (Depths:1)
  Frances (Snake:1)
  Kirke (D:12)
  2 tengu reavers (Depths:2)
  A shadow dragon (Depths:2)
  Donald (Snake:3)
  2 storm dragons (Depths:2)
  An iron dragon (Depths:2)
  12 nagarajas
  5 frost giants (Depths:1)
  5 fire giants (Depths:1)
  Aizul (Snake:1)
  An orc warlord (Orc:2)
  A spriggan defender (Depths:2)
  8 very ugly things (Depths:1)
  5 stone giants
  A vampire knight (Depths:2)
  A deep elf demonologist (Depths:2)
  3 eleionomae (Swamp:3)
  A spark wasp (Depths:2)
  Azrael (D:15)
  A minotaur (Gauntlet)
  A dire elephant (Gauntlet)
  6 bunyips
  3 ettins
  2 fire dragons
  3 shambling mangroves
  3 jiangshi (Depths:2)
  2 salamander tyrants
  2 deep elf high priests (Depths:2)
  A rakshasa (Depths:2)
  5 catoblepae
  20 hydras
  5 vault guards (D:13)
  A ghost crab (Swamp:1)
  2 spriggan air magi (Depths:2)
  2 demonspawn (Orc:2)
  An ice dragon (Depths:1)
  2 two-headed ogres
  8 centaur warriors
  A death knight (D:13)
  13 alligators
  13 anacondas
  Erica (Orc:1)
  5 boulder beetles
  13 tengu warriors
  5 deep troll earth magi
  7 orc high priests (Orc:2)
  A vampire mage (Depths:1)
  12 death yaks (Lair:5)
  7 spriggan berserkers (Depths:2)
  12 naga warriors
  23 naga sharpshooters
  A shock serpent (Snake:2)
  A soul eater (Gauntlet)
  Nergalle (D:11)
  2 skysharks
  4 iron trolls (Depths:2)
  A sun demon (Orc:2)
  7 skeletal warriors
  Lodul (D:10)
  2 goliath frogs
  7 salamander mystics
  4 spriggan druids
  9 deep trolls
  5 sea snakes (Snake:2)
  3 glowing orange brains (Depths:2)
  An obsidian statue (IceCv)
  3 naga ritualists (Snake:4)
  A quicksilver dragon simulacrum (Depths:2)
  A deep elf archer (D:13)
  A wizard (D:13)
  4 lindwurms (D:15)
  10 spriggan simulacra (IceCv)
  2 bog bodies
  Pikel (D:5)
  11 swamp dragons
  A necromancer (D:15)
  4 orc knights (Orc:2)
  2 deep elf pyromancers
  7 orc sorcerers
  2 mana vipers
  An oklob plant (Lair:1)
  13 salamanders
  11 ugly things
  3 will-o-the-wisps
  4 manticores
  28 black mambas
  A moth of wrath (shapeshifter) (Orc:2)
  17 elephants
  5 cyclopes
  2 ice statues (D:15)
  Maurice (Orc:1)
  5 guardian serpents
  13 naga magi
  Joseph (D:8)
  2 torpor snails
  13 cane toads
  2 gargoyles (D:11)
  Maggie (D:9)
  An efreet (D:13)
  11 komodo dragons
  2 kobold demonologists
  A yaktaur (D:12)
  13 ice devils
  2 rime drakes
  2 tengu conjurers
  9 freezing wraiths
  A minotaur zombie (Gauntlet)
  9 trolls
  2 hellwings (Orc:2)
  9 tyrant leeches
  2 polar bears
  14 hornets
  17 blink frogs
  3 slime creatures (D:12)
  6 wyverns
  9 spriggans
  2 dire elephant simulacra (IceCv)
  A shadow (D:10)
  2 vampires
  4 wraiths
  4 basilisks
  53 yaks
  2 hogs (D:12)
  3 fire elementals (D:15)
  2 humans (D:13)
  11 vampire mosquitoes
  7 minotaur simulacra (IceCv)
  A steam dragon (Lair:1)
  15 swamp worms
  2 wargs
  A harpy simulacrum (IceCv)
  32 nagas
  An acid dragon (D:12)
  12 water moccasins
  Duvessa (D:5)
  2 hydra simulacra (IceCv)
  41 orc warriors
  4 hell hounds (D:15)
  11 swamp drakes
  2 sky beasts
  4 ettin simulacra
  An ice beast (D:6)
  10 ogres
  13 wolves
  A lemure (D:5)
  17 centaurs
  4 kobold brigands
  A phantom (D:4)
  15 bullfrogs
  3 gnoll sergeants
  7 deep troll simulacra (IceCv)
  5 scorpions
  8 wights
  6 killer bees (D:9)
  Dowan (D:5)
  2 lindwurm simulacra (IceCv)
  4 electric eels
  A howler monkey (D:9)
  27 orc priests
  10 hounds
  16 jellies
  4 iguanas
  2 sleepcaps
  15 orc wizards
  2 hell rats (Lair:5)
  13 gnolls
  5 river rats (Lair:5)
  17 adders
  7 shadow imps
  3 white imps
  An ufetubus (D:7)
  2 worms
  113 orcs
  13 ball pythons
  5 bats
  5 endoplasms
  3 giant cockroaches
  7 goblins
  7 hobgoblins
  9 kobolds
  10 quokkas
  3 training dummies (D:12)
  A frilled lizard (D:1)
  4 rats
1203 creatures vanquished.

Vanquished Creatures (collateral kills)
  A nagaraja (Snake:4)
  A salamander tyrant (Snake:4)
  An anaconda (Snake:4)
  2 naga sharpshooters (Snake:4)
  A shock serpent (Snake:4)
  A salamander mystic (Snake:4)
  A naga ritualist (Snake:4)
  2 salamanders (Snake:4)
  2 guardian serpents (Snake:4)
  5 naga magi (Snake:4)
  7 nagas (Snake:4)
24 creatures vanquished.

Vanquished Creatures (others)
  An alligator (Swamp:3)
  An anaconda zombie (Snake:4)
  A quicksilver dragon simulacrum (Depths:2)
  A naga ritualist (Snake:4)
  8 salamander zombies (Snake:4)
  2 guardian serpent zombies (Snake:4)
  2 black mamba zombies (Snake:4)
  2 humans (D:12)
  A tyrant leech zombie (Swamp:4)
  An ettin simulacrum (Depths:2)
  21 naga zombies (Snake:4)
  18 foxfires (Swamp:4)
59 creatures vanquished.

Grand Total: 1286 creatures vanquished

Notes
Turn   | Place    | Note
-------+----------+-------------------------------------------
     0 | D:1      | spardeous the Demigod Earth Elementalist began the quest
                  | for the Orb.
     0 | D:1      | Reached XP level 1. HP: 14/14 MP: 5/5
    55 | D:1      | Reached skill level 3 in Earth Magic
   341 | D:1      | Reached XP level 2. HP: 20/20 MP: 5/7
  1016 | D:2      | Found Wadghucs's Jewellery Boutique.
  1110 | D:2      | Found Cytzeahaxe's Weapon Emporium.
  1184 | D:2      | Found Miecy's Assorted Antiques.
  1217 | D:2      | Reached XP level 3. HP: 12/26 MP: 4/8
  1300 | D:2      | Found Nihel's Jewellery Shoppe.
  1309 | D:2      | Reached skill level 4 in Earth Magic
  1485 | D:2      | Found Xiumn's Assorted Antiques.
  1816 | D:3      | Reached XP level 4. HP: 33/33 MP: 7/9
  1831 | D:3      | Reached skill level 5 in Earth Magic
  2059 | D:3      | Identified the staff of earth "Ygiabac" {rC+}
  2392 | D:3      | Reached XP level 5. HP: 38/38 MP: 8/10
  3006 | D:4      | Reached skill level 6 in Earth Magic
  3043 | D:4      | Reached XP level 6. HP: 46/46 MP: 10/12
  3071 | D:4      | Reached skill level 1 in Fighting
  3195 | D:4      | You fall into a shaft and drop 2 floors!
  3224 | D:6      | Reached XP level 7. HP: 56/56 MP: 5/15
  3294 | D:5      | Entered Level 5 of the Dungeon
  3311 | D:5      | Learned a level 3 spell: Stone Arrow
  3563 | D:5      | Noticed Duvessa
  3564 | D:5      | Noticed Dowan
  3567 | D:5      | Learned a level 5 spell: Borgnjor's Vile Clutch
  3572 | D:5      | Killed Duvessa
  3581 | D:5      | Killed Dowan
  3735 | D:5      | Identified the +5 ring mail of the Ferocious Grue {Harm rF-
                  | rC+++ Int-5}
  3895 | D:5      | Noticed Pikel
  3904 | D:5      | Killed Pikel
  3905 | D:5      | Reached skill level 5 in Fighting
  3905 | D:5      | Reached skill level 5 in Spellcasting
  3905 | D:5      | Reached XP level 8. HP: 47/69 MP: 5/19
  5122 | D:6      | Noticed an animated shadow dragon scales
  5124 | D:6      | Found Adisched's Armour Boutique.
  5126 | D:6      | Noticed an animated gold dragon scales
  5309 | D:6      | Reached skill level 1 in Conjurations
  5318 | D:6      | Reached skill level 1 in Necromancy
  5811 | D:7      | Reached XP level 9. HP: 75/75 MP: 21/21
  6275 | D:7      | Found a staircase to the Ecumenical Temple.
  6364 | Temple   | Entered the Ecumenical Temple
  6604 | D:8      | Noticed Joseph
  6773 | D:8      | Identified a scroll of acquirement
  6782 | D:8      | Acquired 933 gold pieces
  7074 | D:8      | Reached skill level 5 in Necromancy
  7081 | D:8      | Reached skill level 7 in Earth Magic
  7702 | D:9      | Noticed Maggie
  7707 | D:9      | Killed Maggie
  7708 | D:9      | Reached skill level 8 in Earth Magic
  8189 | D:9      | Reached XP level 10. HP: 83/83 MP: 20/22
  8203 | D:9      | Reached skill level 9 in Earth Magic
  8335 | D:9      | Reached skill level 1 in Transmutations
  8753 | D:10     | Entered Level 10 of the Dungeon
  8818 | D:10     | Learned a level 4 spell: Petrify
  8993 | D:10     | Reached skill level 5 in Transmutations
  9036 | D:10     | Reached skill level 1 in Armour
  9233 | D:10     | Found a staircase to the Lair.
  9291 | D:10     | Noticed Lodul
  9298 | D:10     | Killed Lodul
  9432 | D:10     | Reached skill level 5 in Armour
  9502 | D:10     | Reached XP level 11. HP: 89/89 MP: 20/24
 10214 | D:11     | Found a gate leading to a gauntlet.
 10345 | D:11     | Noticed a two-headed ogre
 10360 | D:11     | Killed a two-headed ogre
 10443 | Gauntlet | Entered a Gauntlet
 10443 | Gauntlet | Found a transporter.
 10443 | Gauntlet | Found a transporter.
 10444 | Gauntlet | Found a transporter.
 10447 | Gauntlet | Found a transporter.
 10447 | Gauntlet | Found a transporter.
 10448 | Gauntlet | Noticed a soul eater
 10457 | Gauntlet | Found a transporter.
 10457 | Gauntlet | Found a transporter.
 10457 | Gauntlet | Noticed a soul eater
 10461 | Gauntlet | Found a transporter.
 10466 | Gauntlet | Noticed a dire elephant
 10473 | Gauntlet | Found a transporter.
 10478 | Gauntlet | Noticed a wretched star
 10565 | Gauntlet | Found a transporter.
 10577 | Gauntlet | Found a transporter.
 10587 | Gauntlet | Found a transporter.
 10677 | Gauntlet | Identified the +5 plate armour of the Cuttlefish {rF+ rCorr
                  | Slay-6}
 10789 | Gauntlet | Killed a soul eater
 10812 | Gauntlet | Identified the ring of Qan Impo {rC+ Str+3 Int+3 Dex-2}
 10855 | Gauntlet | Identified the ring "Buaj Rol" {Fly rC- AC+4 Str+4}
 10865 | Gauntlet | Reached skill level 5 in Dodging
 10867 | Gauntlet | Killed a dire elephant
 11095 | Gauntlet | Learned a level 4 spell: Animate Dead
 11244 | Gauntlet | Noticed a minotaur
 11277 | Gauntlet | Killed a minotaur
 11434 | Gauntlet | Gained mutation: You are clumsy. (Dex -2) [potion of
                  | mutation]
 11434 | Gauntlet | Gained mutation: You occasionally shout uncontrollably at
                  | your foes. [potion of mutation]
 11434 | Gauntlet | Gained mutation: Your natural rate of healing is unusually
                  | fast. [potion of mutation]
 11496 | D:11     | Identified the staff of death "Okiget" {rN+ Will+ Int+2}
 11664 | D:11     | Noticed Nergalle
 11672 | D:11     | Killed Nergalle
 11813 | D:11     | Found a staircase to the Orcish Mines.
 12037 | D:8      | Killed Joseph
 12038 | D:8      | Reached skill level 10 in Earth Magic
 12197 | Lair:1   | Entered Level 1 of the Lair of Beasts
 12344 | Lair:1   | Reached XP level 12. HP: 29/96 MP: 14/26
 12441 | Lair:1   | Reached skill level 11 in Earth Magic
 12648 | Lair:1   | Identified the +0 chain mail "Eniylupp" {Str-2 Dex+8}
 13232 | Lair:2   | Noticed a boulder beetle
 13808 | Lair:2   | Killed a boulder beetle
 13854 | Lair:2   | Found a staircase to the Snake Pit.
 14806 | D:12     | Found Quorphoz's Firing Range.
 14840 | D:12     | Identified the +8 falchion "Haaresad" {protect, Dex+4}
 14913 | D:12     | Noticed Kirke
 14953 | D:12     | Killed Kirke
 15030 | D:12     | Reached XP level 13. HP: 106/106 MP: 29/29
 15941 | Lair:3   | Learned a level 5 spell: Blade Hands
 16640 | Lair:3   | Acquired the ring of Sophism {rElec rC+ Str+6 Int+2 Dex-5}
 16859 | Lair:3   | Found a staircase to the Swamp.
 17083 | Lair:4   | You fall into a shaft and drop 1 floor!
 17083 | Lair:5   | Entered Level 5 of the Lair of Beasts
 17472 | Lair:4   | Reached skill level 10 in Spellcasting
 17518 | Lair:4   | Found a staircase to the Slime Pits.
 18513 | Lair:5   | Reached XP level 14. HP: 116/116 MP: 27/33
 18578 | Lair:5   | Identified the +4 glaive "Nif Wegh" {heavy, Str+3}
 18873 | Lair:5   | Reached skill level 10 in Fighting
 19660 | Orc:1    | Entered Level 1 of the Orcish Mines
 19680 | Orc:1    | Noticed Maurice
 19689 | Orc:1    | Killed Maurice
 19712 | Orc:1    | Noticed Erica
 19722 | Orc:1    | Killed Erica
 20132 | Orc:1    | Noticed Jorgrun
 20141 | Orc:1    | Killed Jorgrun
 20568 | Orc:2    | Entered Level 2 of the Orcish Mines
 20841 | Orc:2    | Found Suarilon's General Store.
 20908 | Orc:2    | Found Otwi's General Store.
 20988 | Orc:2    | Noticed an orc warlord
 21038 | Orc:2    | Killed an orc warlord
 21125 | Orc:2    | Found a staircase to the Elven Halls.
 21233 | Orc:2    | Reached skill level 5 in Shields
 22028 | Orc:2    | Found Daimont's Book Boutique.
 22028 | Orc:2    | Found Beczugg's Antique Armour Shop.
 22029 | Orc:2    | Found a one-way gate leading to the halls of Pandemonium.
 22035 | Orc:2    | Bought Baank's Reference Book on Topomancy and Adjuration
                  | for 264 gold pieces
 22037 | Orc:2    | Bought a pair of fading gloves for 266 gold pieces
 22037 | Orc:2    | Identified the +0 pair of gloves "Kada" {Will+ Slay+5} (You
                  | bought it in a shop on level 2 of the Orcish Mines)
 22050 | Orc:2    | Bought a book of the Sky for 528 gold pieces
 22057 | Orc:2    | Learned a level 6 spell: Statue Form
 22381 | Orc:2    | Bought a potion of invisibility for 144 gold pieces
 22381 | Orc:2    | Bought a potion of haste for 180 gold pieces
 22381 | Orc:2    | Bought a scroll of fear for 72 gold pieces
 22547 | Snake:1  | Entered Level 1 of the Snake Pit
 22594 | Snake:1  | You fall into a shaft and drop 1 floor!
 22640 | Snake:2  | Reached XP level 15. HP: 130/130 MP: 4/34
 22693 | Snake:2  | Noticed a nagaraja
 22705 | Snake:2  | Killed a nagaraja
 22831 | Snake:2  | Noticed a nagaraja
 22839 | Snake:2  | Killed a nagaraja
 22866 | Snake:2  | Noticed a nagaraja
 22876 | Snake:2  | Killed a nagaraja
 22877 | Snake:2  | Reached skill level 10 in Shields
 23047 | Snake:2  | Noticed a nagaraja
 23055 | Snake:2  | Killed a nagaraja
 23351 | Snake:2  | Reached skill level 10 in Transmutations
 24077 | Snake:1  | Noticed Frances
 24091 | Snake:1  | Killed Frances
 24574 | Snake:1  | Noticed Aizul
 24583 | Snake:1  | Killed Aizul
 24933 | Snake:3  | Noticed a nagaraja
 25553 | Snake:3  | Killed a nagaraja
 25621 | Snake:3  | Noticed Vashnia
 25802 | Snake:3  | Killed Vashnia
 25913 | Snake:3  | Noticed Donald
 25922 | Snake:3  | Killed Donald
 26047 | Snake:3  | Found Uromit's Antique Weapon Boutique.
 26049 | Snake:3  | Found Osogiria's Weapon Shop.
 26049 | Snake:3  | Found Syemeo's Distillery.
 26054 | Snake:3  | Found Selu's Weapon Shop.
 26246 | Snake:3  | Reached XP level 16. HP: 119/137 MP: 7/35
 27009 | Snake:4  | Entered Level 4 of the Snake Pit
 27072 | Snake:4  | Reached skill level 10 in Necromancy
 27571 | Snake:4  | Reached skill level 12 in Earth Magic
 27753 | Snake:4  | Reached skill level 13 in Earth Magic
 27844 | Snake:4  | Got a serpentine rune of Zot
 28247 | Swamp:1  | Entered Level 1 of the Swamp
 28250 | Swamp:1  | Identified the +1 robe "Qevainwurphio" {Int+2}
 28338 | Swamp:1  | Reached skill level 14 in Earth Magic
 29674 | Swamp:3  | Reached XP level 17. HP: 144/144 MP: 23/36
 29783 | Swamp:3  | Reached skill level 15 in Earth Magic
 30229 | Swamp:4  | Entered Level 4 of the Swamp
 30506 | Swamp:4  | Reached skill level 16 in Earth Magic
 30536 | Swamp:4  | HP: 5/187 [seven-headed hydra (6)]
 30776 | Swamp:4  | Got a decaying rune of Zot
 31953 | D:13     | Reached skill level 17 in Earth Magic
 32049 | D:13     | Found a gate to the Vaults.
 32707 | D:15     | Entered Level 15 of the Dungeon
 32804 | D:15     | Identified the +9 hand axe of Traps {drain, Str+5 Int+3}
 32867 | D:15     | Noticed Azrael
 32872 | D:15     | Killed Azrael
 32945 | D:15     | Reached skill level 18 in Earth Magic
 32987 | D:15     | Reached XP level 18. HP: 154/154 MP: 10/37
 33037 | D:15     | Found a frozen archway.
 33055 | IceCv    | Entered an ice cave
 33265 | IceCv    | Identified the +2 ring mail of Poor Excuses {Dex+2}
 33654 | IceCv    | Identified the +5 mace "Koezav" {drain, rElec Int-3 SInv}
 33657 | IceCv    | Got the Handbook of Graupel
 33661 | IceCv    | Identified the +0 hat of the Evening {+Inv rN++}
 33686 | IceCv    | Identified the +1 ring mail of Light {Dex+3 Slay+2}
 34118 | D:15     | Found a staircase to the Depths.
 34499 | Depths:1 | Entered Level 1 of the Depths
 34534 | Depths:1 | Noticed Bai Suzhen
 34555 | Depths:1 | Killed Bai Suzhen
 34602 | Depths:1 | Found Fevule's Book Shoppe.
 34602 | Depths:1 | Found Uneumieq's Jewellery Boutique.
 34603 | Depths:1 | Found Tasacw's Book Shoppe.
 34615 | Depths:1 | Bought the ring "Niduxuk" {Dex+6 SInv} for 660 gold pieces
 34689 | Depths:1 | Found a runed translucent door.
 34709 | Depths:1 | Reached skill level 19 in Earth Magic
 35129 | Depths:1 | Identified the +9 battleaxe of Saf Foekh {flame, rPois rN+}
 35173 | Depths:1 | Found a gateway to Hell.
 35616 | Depths:1 | Learned a level 9 spell: Shatter
 35834 | Depths:1 | Identified the +2 robe "Myly" {Fly rN+ Archmagi}
 35977 | Depths:2 | Reached skill level 20 in Earth Magic
 36565 | Depths:2 | Noticed a golden dragon
 36581 | Depths:2 | Killed a golden dragon
 36697 | Depths:2 | Noticed a tentacled monstrosity
 36705 | Depths:2 | Killed a tentacled monstrosity
 36838 | Depths:2 | Reached skill level 21 in Earth Magic
 36923 | Depths:2 | Reached XP level 19. HP: 123/160 MP: 1/38
 37292 | Depths:2 | Noticed a golden dragon
 37294 | Depths:2 | Found a one-way gate to the infinite horrors of the Abyss.
 37295 | Depths:2 | Killed from afar by a hell hog

Illustrated notes

Levels and vault maps discovered:
D:1:      kennysheep_arrival_seaside, layout_loops_ring
D:2:      layout_rooms, serial_shops, nicolae_shop_real_fake_doors, shop,
          nicolae_square_shop, shop, nicolae_shop_just_a_little_nook
D:3:      minmay_diamond_boxcup, layout_loops_ring, minmay_snake_closets
D:4:      layout_rooms
D:5:      layout_basic, sigmund_army, uniq_duvessa, uniq_pikel
D:6:      minmay_chambers_of_threes, layout_cave_pods, serial_shops,
          nicolae_shop_mannequins
D:7:      layout_loops_cross, minmay_temple_entry_junction
D:8:      layout_basic, minitemple, uniq_joseph
D:9:      layout_loops_cross, special_room [special_room_orc], uniq_maggie
D:10:     layout_rooms, mainiacjoe_overflow_chevrons, erik_lair_island,
          minmay_misc_feat_ornament, uniq_lodul
D:11:     layout_long_grid, david_orc_1_choice, gauntlet_entry_generic,
          uniq_nergalle
D:12:     layout_loops_ring, wad_floor_pattern_2, nicolae_shop_firing_range,
          uniq_kirke
D:13:     layout_gridville, grunt_vaults_entry_fortified
D:14:     layout_roguey, fedhas_altar_3
D:15:     hangedman_depths_entry_civil_slaughter, layout_loops_ring,
          portal_ice_cave_entry_ice_statue_two, minmay_lindwurm_lava,
          uniq_azrael
Temple:   nicolae_temple_bog_church
Lair:1:   layout_roguey, chequers_serial_rivers_micro_e,
          infiniplex_staircase_pool, grunt_megastairs_2
Lair:2:   layout_cave_pods, minmay_snake_entry_spellcaster,
          serial_bayou_lagoon_b
Lair:3:   layout_regular_city, minmay_swamp_entry_worms, grunt_megastairs_3
Lair:4:   layout_hall_layers, minmay_slime_entry_jelly_boxes,
          beast_lair_carwin_1
Lair:5:   evilmike_catoblepas_cave, layout_long_grid, minivault_19,
          kennysheep_rathole, lemuel_fruit_tree
Swamp:1:  layout_basic_swamp, nicolae_swamp_triple_paths, swamp_pool3,
          infiniplex_staircase_pool_2
Swamp:2:  layout_basic_swamp, serial_swamp_ruin, evilmike_swamp_ruin_rubble_2,
          evilmike_swamp_ruin_house_2, swamp_pool2
Swamp:3:  layout_falls_marsh, evilmike_swamp_ruin_house_3, swamp_pool1,
          nzn_swamp_stair_ambush
Swamp:4:  swamp, layout_basic_swamp, swamp_pool1
Snake:1:  layout_layer_cave, grunt_megastairs_5, uniq_aizul, uniq_frances
Snake:2:  minmay_snake_river, layout_rooms, nicolae_integral_box
Snake:3:  layout_chambers, basic_altar, minmay_shoptagon, uniq_donald,
          uniq_vashnia
Snake:4:  grunt_snake_rune_serpentine_throne, layout_cave_town
Orc:1:    layout_caves, basic_altar, uniq_jorgrun, uniq_erica, uniq_maurice
Orc:2:    pf_orc_diabolical, layout_diamond_mine
Depths:1: layout_basic, nzn_wu_jian_contemplation, grunt_hell_entry_dis_grunt,
          lightli_giant_bouncers, minmay_shop_grove, uniq_bai_suzhen
Depths:2: grunt_profane_halls [grunt_profane_temple_geh,
          grunt_profane_temple_tar, grunt_profane_temple_dis,
          grunt_profane_temple_coc, grunt_profane_loot], hell_entry, pan_entry,
          abyss_entry

Skill      XL: |  1  2  3  4  5  6  7  8  9 10 11 12 13 14 15 16 17 18 |
---------------+-------------------------------------------------------+-----
Earth Magic    | 3 4 5 6 8 9 10 11 14 18 21 | 21.4
Spellcasting   | 2 3 5 6 7 10 | 10.2
Fighting       | 2 5 6 7 8 11 12 | 12.0
Conjurations   | 2 3 |  3.6
Necromancy     | 2 5 9 10 | 10.9
Transmutations | 5 8 11 | 11.0
Armour         | 5 6 9 |  9.0
Dodging        | 7 |  7.1
Shields        | 8 10 | 10.1
Stealth        | |  1.7

Action                     |  1- 3 |  4- 6 |  7- 9 | 10-12 | 13-15 | 16-18 | 19-21 || total
---------------------------+-------+-------+-------+-------+-------+-------+-------++-------
  Melee: Unarmed           |    14 |     3 |       |       |       |       |       ||    17
         Staff             |       |     8 |     5 |     7 |    40 |    43 |     2 ||   105
         Punch             |       |       |       |     1 |     1 |       |       ||     2
   Cast: Sandblast         |    51 |    64 |   194 |   326 |   413 |   232 |     9 ||  1289
         Stone Arrow       |       |       |     9 |    23 |    17 |    58 |     6 ||   113
         Borgnjor's Vile C |       |       |     2 |    86 |   357 |   474 |    25 ||   944
         Animate Dead      |       |       |       |     9 |    12 |    19 |       ||    40
         Petrify           |       |       |       |     7 |     8 |     1 |       ||    16
         Statue Form       |       |       |       |       |    27 |   110 |     3 ||   140
         Blade Hands       |       |       |       |       |       |     1 |       ||     1
Ability: End Transformatio |       |       |       |       |       |     5 |       ||     5
    Use: Scroll            |       |       |    10 |    15 |     9 |     5 |     5 ||    44
         Potion            |       |       |       |     7 |     2 |     5 |       ||    14
   Stab: Petrified         |       |       |       |     2 |     1 |       |       ||     3
 Armour: Robe              |     7 |     3 |       |       |       |       |       ||    10
         Leather armour    |       |     9 |    30 |       |       |       |       ||    39
         Steam dragon scal |       |       |     6 |    91 |   127 |    15 |       ||   239
         Skin              |       |       |       |       |   152 |   745 |    80 ||   977
  Dodge: Dodged            |    22 |    29 |    66 |   194 |   345 |   508 |    38 ||  1202
  Block: Kite shield       |       |       |       |       |   291 |   661 |    48 ||  1000
         Reflection        |       |       |       |       |    14 |    69 |     2 ||    85
